 Dungeon Crawl Stone Soup version 0.29-a0-520-gc852659d43 (webtiles) character file.

Game seed: 1672200172479962223

457 Bruhh the Agent of Entropy (level 7, -4/70 HPs)
             Began as an Ogre Abyssal Knight on May 31, 2022.
             Was a Priest of Lugonu.
             Slain by Grinder (5 damage)
             ... while paralysed by Grinder
             ... on level 3 of the Dungeon.
             The game lasted 00:05:47 (4875 turns).

Bruhh the Agent of Entropy (Ogre Abyssal Knight)    Turns: 4875, Time: 00:05:48

Health: -4/70      AC:  3    Str: 20    XL:     7   Next: 6%
Magic:  11/11      EV:  1    Int: 11    God:    Lugonu [***...]
Gold:   138        SH:  0    Dex:  9    Spells: 6/6 levels left

rFire   . . .      SeeInvis .   r - +0 flail
rCold   . . .      Faith    .   (no shield)
rNeg    . . .      Spirit   .   b - +0 robe
rPois   .          Reflect  .   (helmet restricted)
rElec   .          Harm     .   (no cloak)
rCorr   .          Rampage  .   (gloves unavailable)
Will    .....                   (boots unavailable)
Stlth   +.........              (no amulet)
HPRegen 0.21/turn               (no ring)
MPRegen 0.12/turn               (no ring)

@: paralysed, mighty
A: large, unfitting armour, tough skin 1
a: Renounce Religion, Depart the Abyss, Bend Space, Banish


You were on level 3 of the Dungeon.
You worshipped Lugonu.
Lugonu was most pleased with you.
You visited 1 branch of the dungeon, and saw 3 of its levels.
You visited the Abyss 1 time.

You collected 138 gold pieces.

Inventory:

Hand Weapons
 a - a +1 mace
 r - a +0 flail (weapon)
Missiles
 o - 6 poisoned darts
Armour
 b - a +0 robe (worn)
Wands
 t - a wand of digging (5)
Scrolls
 d - a scroll of fear
 f - a scroll of blinking
 h - a scroll of brand weapon
 k - a scroll of enchant weapon
 l - a scroll of fog
 m - a scroll of vulnerability {unknown}
 n - 2 scrolls of teleportation {unknown}
 p - a scroll of poison {unknown}
Potions
 e - a potion of attraction {unknown}
 g - a potion of degeneration {unknown}
 j - 2 potions of mutation {unknown}
 q - a potion of curing {unknown}
 s - a potion of cancellation {unknown}


   Skills:
 - Level 4.2 Fighting
 + Level 4.7 Maces & Flails
 - Level 2.3 Dodging
 + Level 5.7 Invocations


You had 6 spell levels left.
You didn't know any spells.
Your spell library contained the following spells:

 Spells                   Type           Power      Damage    Failure   Level
 Ozocubu's Armour         Ice            0%         N/A       71%         3
 Ozocubu's Refrigeration  Ice            0%         4d5       100%        7


Dungeon Overview and Level Annotations

Branches:
Dungeon (3/15)

Altars:
Okawaru
Sif Muna

Annotations:
D:3 Grinder


Innate Abilities, Weirdness & Mutations

You are too large for most types of armour.
You have tough skin. (AC +1)


Message History

Pain shoots through your body!
Grinder blinks!
Grinder gestures at you. Pain shoots through your body!
Grinder gestures at you.
You suddenly lose the ability to move!
Grinder says, "DUCK!"
Grinder gestures at you. Pain shoots through your body!
* * * LOW HITPOINT WARNING * * *
You can move again.
Unknown command.
Unknown command.
You feel much better.
Grinder zaps a wand.
The puff of flame misses you.
You feel very mighty all of a sudden.
You barely miss Grinder. Grinder hits you!
You closely miss Grinder.
Grinder zaps a wand.
The puff of flame hits you!
* * * LOW HITPOINT WARNING * * *
You sock Grinder!
Grinder is moderately wounded.
Grinder gestures at you. You resist with some effort. Grinder hits you.
* * * LOW HITPOINT WARNING * * *
You hit Grinder.
Grinder is moderately wounded.
Grinder closely misses you.
Unknown command.
You sock Grinder!
Grinder is severely wounded.
Grinder gestures at you.
You suddenly lose the ability to move!
Grinder hits you.
* * * LOW HITPOINT WARNING * * *
You writhe in agony.
* * * LOW HITPOINT WARNING * * *
Grinder zaps a wand.
The puff of flame hits you.
* * * LOW HITPOINT WARNING * * *
Grinder says, "Wait up."
Grinder hits you.
You die...

..##. ..#.. ....
...##. ... ##.##.
#.. #.##. #.. #..
#.. #..
#..###########
### #..
#.........5@.#
#.######..
###.##########
##......... #.#
#######....###..#
####.####
#.......#.## #..#
#.......#
#.#######.# #..#
#.......#####.#
#[# #..#
#......)....>.#
#.# #...
#.......#######
#.# ...#
#.......# #..
#..#


You could see Grinder.

Vanquished Creatures
  Sigmund (D:3)
  A black bear (D:3)
  Natasha (thrice) (D:2)
  Robin (D:3)
  3 adders
  An ufetubus (D:3)
  A dart slug (D:1)
  2 orcs (D:3)
  6 endoplasms
  2 giant cockroaches
  13 goblins
  8 hobgoblins
  10 jackals
  5 kobolds
  A quokka (D:3)
  10 ball pythons
  5 bats
  A frilled lizard (D:3)
  9 rats
83 creatures vanquished.

Notes
Turn   | Place    | Note
-------+----------+-------------------------------------------
     0 | Abyss:1  | Bruhh the Ogre Abyssal Knight began the quest for the Orb.
     0 | Abyss:1  | Reached XP level 1. HP: 24/24 MP: 2/2
    29 | Abyss:1  | Found a snail-covered altar of Cheibriados.
    34 | Abyss:1  | Noticed a large abomination
    36 | D:1      | Escaped the Abyss
   229 | D:1      | Reached XP level 2. HP: 27/32 MP: 3/3
   691 | D:1      | Reached XP level 3. HP: 33/39 MP: 3/5
  1355 | D:1      | Reached skill level 3 in Invocations
  2357 | D:2      | Found an iron altar of Okawaru.
  2540 | D:2      | Reached XP level 4. HP: 28/48 MP: 6/6
  2898 | D:2      | Noticed Natasha
  2904 | D:2      | Killed Natasha
  3025 | D:2      | Noticed Natasha
  3036 | D:2      | Killed Natasha
  3037 | D:2      | Reached XP level 5. HP: 38/54 MP: 7/7
  3078 | D:2      | Noticed Natasha
  3086 | D:2      | Killed Natasha
  3087 | D:2      | Reached skill level 4 in Invocations
  3482 | D:2      | Reached *** piety under Lugonu
  3797 | D:3      | Noticed Robin
  3993 | D:3      | Killed Robin
  4343 | D:3      | Found a shimmering blue altar of Sif Muna.
  4356 | D:3      | Noticed Sigmund
  4364 | D:3      | Killed Sigmund
  4365 | D:3      | Reached skill level 5 in Invocations
  4365 | D:3      | Reached XP level 6. HP: 43/62 MP: 9/9
  4544 | D:3      | Found a faded altar of an unknown god.
  4577 | D:3      | Noticed a black bear
  4593 | D:3      | Killed a black bear
  4594 | D:3      | Reached XP level 7. HP: 38/70 MP: 11/11
  4851 | D:3      | Noticed Grinder
  4862 | D:3      | Paralysed by Grinder for 4 turns
  4872 | D:3      | Paralysed by Grinder for 5 turns
  4874 | D:3      | HP: 1/70 [Grinder/puff of flame (6)]
  4875 | D:3      | Slain by Grinder

Illustrated notes

Levels and vault maps discovered:
D:1:      noname_arrival_rooms_in_the_neighbourhood, layout_loops_corners
D:2:      layout_basic, basic_altar, uniq_natasha
D:3:      minmay_recursive_quarters, layout_rooms, lemuel_tele_altar,
          dilly_ecumenical_altar_fadedgnrine, uniq_robin, uniq_grinder,
          uniq_sigmund

Skill      XL: |  1  2  3  4  5 |
---------------+----------------+-----
Maces & Flails | 2 3 4 |  4.7
Invocations    | 3 5 |  5.7
Fighting       | |  4.2
Dodging        | |  2.3

Action                   |  1- 3 |  4- 6 |  7- 9 || total
-------------------------+-------+-------+-------++-------
Melee: Mace              |   137 |    16 |       ||   153
       Punch             |     4 |       |       ||     4
       Flail             |       |   120 |    14 ||   134
Invok: Depart the Abyss  |     1 |       |       ||     1
Evoke: Wand              |       |       |     1 ||     1
  Use: Potion            |     1 |     1 |     2 ||     4
       Scroll            |       |     5 |       ||     5
 Stab: Sleeping          |       |       |     1 ||     1
Armor: Robe              |    54 |    72 |     5 ||   131
Dodge: Dodged            |    76 |   115 |    10 ||   201

Table legend: (Time is in decaauts)
 A = Elapsed time spent in this place.
 B = Non-inter-level travel time spent in this place.
 C = Inter-level travel time spent in this place.
 D = Time resting spent in this place.
 E = Time spent auto-exploring this place.
 F = Levels seen in this place.
 G = Mean time per level.
                   A        B        C        D        E       F      G
               +--------+--------+--------+--------+--------+-----+--------+
         Total |   4961 |   4901 |     60 |   1361 |   2694 |   4 | 1240.2 |
       Dungeon |   4925 |   4865 |     60 |   1361 |   2694 |   3 | 1641.7 |
         Abyss |     36 |     36 |      0 |      0 |      0 |   1 |   36.0 |
               +--------+--------+--------+--------+--------+-----+--------+

Top non-repeatable levels by time:
     D:1: 2120 daAuts
     D:2: 1863 daAuts
     D:3: 941 daAuts
 Abyss:1: 36 daAuts
